 Seeded DCSS version 0.28.0-47-ge53b351184 (webtiles) character file.

Game seed: 8584210793567161098 (custom seed)

13 zeratav the Conjurer (level 2, 17/17 HPs)
             Began as an Octopode Conjurer on Apr 27, 2022.
             Quit the game on level 1 of the Dungeon.
             The game lasted 00:01:55 (1281 turns).

zeratav the Conjurer (Octopode Conjurer)            Turns: 1281, Time: 00:01:55

Health: 17/17      AC:  1    Str:  6    XL:     2   Next: 37%
Magic:  5/5        EV: 13    Int: 20    God:
Gold:   48         SH:  0    Dex: 10    Spells: 4/5 levels left

rFire   . . .      SeeInvis .   c - +0 spear {polearm}
rCold   . . .      Faith    .   (no shield)
rNeg    . . .      Spirit   .   (helmet restricted)
rPois   .          Reflect  .   i - amulet of the acrobat
rElec   .          Harm     .   j - ring of resist corrosion
rCorr   +          Rampage  .   (no ring)
Will    .....                   (no ring)
Stlth   +++.......              (no ring)
HPRegen 0.05/turn               (no ring)
MPRegen 0.09/turn               (no ring)
                                (no ring)
                                (no ring)

@: no status effects
A: almost no armour, amphibious, 8 rings, camouflage 1, gelatinous body 1,
(nimble swimmer 1), tentacles
a: no special abilities


You were on level 1 of the Dungeon.
You visited 1 branch of the dungeon, and saw 1 of its levels.

You collected 48 gold pieces.


Innate Abilities, Weirdness & Mutations

You cannot wear most types of armour.
You are amphibious.
You can wear up to eight rings at the same time.
Your skin changes colour to match your surroundings (Stealth+).
Your rubbery body absorbs attacks. (AC +1, EV +1)
((You are camouflaged when in or above water. (Stealth+)))
You have tentacles for arms and can constrict up to eight enemies at once.


   Skills:
 - Level 2.0 Dodging
 - Level 2.6 Stealth
 + Level 2.2 Spellcasting
 * Level 4.3 Conjurations
 + Level 0.7 Translocations


You had 4 spell levels left.
You knew the following spells:

 Your Spells              Type           Power      Damage    Failure   Level
a - Magic Dart            Conj           76%        1d6       2%          1

Your spell library contained the following spells:

 Spells                   Type           Power      Damage    Failure   Level
 Searing Ray              Conj           38%        2d5       4%          2
 Dazzling Flash           Conj/Hex       20%        N/A       19%         3
 Iskenderun's Mystic Bla  Conj/Tloc      12%        2d5       50%         4
 Fulminant Prism          Conj/Hex       5%         3d7       54%         4

Inventory:

Hand Weapons
 c - a +0 spear (weapon) {polearm}
   (You found it on level 1 of the Dungeon)
Jewellery
 e - an amulet of faith {!P}
   (You found it on level 1 of the Dungeon)
 i - an amulet of the acrobat (around mantle)
   (You found it on level 1 of the Dungeon)
 j - a ring of resist corrosion (left tentacle)
   (You found it on level 1 of the Dungeon)
Scrolls
 d - a scroll of acquirement
 f - 2 scrolls of teleportation {unknown}
 g - a scroll of enchant weapon {unknown}
Potions
 h - 2 potions of might {unknown}

Dungeon Overview and Level Annotations

Branches:
Dungeon (1/15)

Altars:

Shops:
D:1

(
......###.#........#
......# #........#.#
#..#### #...##.#.#.#
#..# #...##.#.#.#
#..######...##...#.#
#...........###..#.#
#...######..###§§#.#
.....## #....§§§#.#
......## ##...§§@..#
.......####...#§####
.......+......§§#
(......####...#.#
......## ##.##.#
.....## ####.#
#...## #.# ##+##
####.# #.# #....#


There were no monsters in sight!


Message History

You open the door.
There is an open door here.
You see here a +0 short sword {short}.
f - 2 scrolls labelled NESKORHOSS (gained 1)
You see here a +0 scale mail.
You now have 48 gold pieces (gained 16).
You open the door.
There is an open door here.
h - 2 silvery potions You open the door.
There is an open door here.
A ball python comes into view.
A ball python is nearby!
Casting: Magic Dart (safe; 2% risk of failure)
Confirm with . or Enter, or press ? or * to list all spells.
Aiming: Magic Dart (safe; 2% risk of failure)
Press: ? - help, Shift-Dir - straight line, f - ball python
Aim: a ball python (asleep, 100% to hit)
The magic dart hits the ball python.
You kill the ball python!
MP[-1]
You lost 1 mp, and now have 4/5 mp.
A hobgoblin comes into view.
MP[+1]
Your mp is fully restored (5).
A hobgoblin is nearby!
Casting: Magic Dart (safe; 2% risk of failure)
Confirm with . or Enter, or press ? or * to list all spells.
Aiming: Magic Dart (safe; 2% risk of failure)
Press: ? - help, Shift-Dir - straight line, f - hobgoblin
Aim: a hobgoblin (asleep, 100% to hit)
The magic dart hits the hobgoblin.
The hobgoblin shouts!
MP[-1]
You lost 1 mp, and now have 4/5 mp.
A hobgoblin is nearby!
Casting: Magic Dart (safe; 2% risk of failure)
Confirm with . or Enter, or press ? or * to list all spells.
Aiming: Magic Dart (safe; 2% risk of failure)
Press: ? - help, Shift-Dir - straight line, f/p - hobgoblin
Aim: a hobgoblin (moderately wounded, 100% to hit)
The magic dart hits the hobgoblin.
You kill the hobgoblin!
MP[-1]
You lost 1 mp, and now have 3/5 mp.
You open the door.
There is an open door here.
i - an amulet of the acrobat MP[+2]
Your mp is fully restored (5).
j - a ring of resist corrosion Really put on
e - an amulet of faith {!P}? [Y]es or [N]o only, please.
Really put on
e - an amulet of faith {!P}?
Okay, then.
You start putting on your amulet.
You continue putting on your amulet of the acrobat. x5
You finish putting on your amulet of the acrobat.
You feel ready to tumble and roll out of harm's way.
i - an amulet of the acrobat (around mantle)
j - a ring of resist corrosion (left tentacle)
You open the door.
A hobgoblin comes into view.
A hobgoblin is nearby!
The magic dart hits the hobgoblin.
MP[-1]
You lost 1 mp, and now have 4/5 mp.
You miscast Magic Dart.
You are very lightly contaminated with residual magic.
Nothing appears to happen.
MP[-1]
You lost 1 mp, and now have 3/5 mp.
The magic dart hits the hobgoblin.
MP[-1]
You lost 1 mp, and now have 2/5 mp.
The magic dart hits the hobgoblin.
You kill the hobgoblin!
MP[-1]
You lost 1 mp, and now have 1/5 mp.
No target in view!
Your magical contamination has completely faded away.
There is an open door here.
You open the door. You open the door.
There is an open door here.
There is an open door here.
There is a stone staircase leading down here.
Done exploring.
MP[+4]
Your mp is fully restored (5).
Done exploring.
Blink to where?
Press: ? - help, Dir - move target
As you read the scroll labelled BEOLUBL HOYSS, it crumbles to dust.
It was a scroll of blinking.
As you read the scroll labelled PIGOMNODEPT, it crumbles to dust.
The scroll dissolves into smoke.
It was a scroll of fog.
This is a scroll of acquirement!
Okay, then.
Are you sure you want to abandon this character and quit the game? (Confirm with "yes".)

Action                   || total
-------------------------++-------
Melee: Spear             ||     7
       Constrict         ||     1
       Tentacles         ||     1
 Cast: Magic Dart        ||    12
  Use: Scroll            ||     2
 Stab: Sleeping          ||     2
Dodge: Dodged            ||     2

Levels and vault maps discovered:
D:1:      lightli_arrival_windingriver, layout_loops_corners, serial_shops,
          nicolae_shop_bloodbath_and_beyond, ebering_ecumenical_altar_ruins,
          minmay_misc_feat_room, minivault_24

Notes
Turn   | Place    | Note
-------+----------+-------------------------------------------
     0 | D:1      | zeratav the Octopode Conjurer began the quest for the Orb.
     0 | D:1      | Reached XP level 1. HP: 11/11 MP: 3/3
     0 | D:1      | magus.rc [v1.9.6]
    86 | D:1      | Found a faded altar of an unknown god.
    97 | D:1      | Found Maosm's Weapon Boutique.
   306 | D:1      | Reached XP level 2. HP: 11/17 MP: 3/5
  1281 | D:1      | Identified a scroll of acquirement
  1281 | D:1      | Quit the game

Vanquished Creatures
  An endoplasm (D:1)
  A giant cockroach (D:1)
  3 hobgoblins (D:1)
  3 kobolds (D:1)
  3 ball pythons (D:1)
11 creatures vanquished.

Table legend:
 A = Non-vault XP
 B = Vault XP
 C = Vault XP percentage of total XP
 D = Non-vault monster count
 E = Vault monster count
 F = Vault count percentage of total count
                 A         B        C        D         E       F
            +---------+---------+-------+---------+---------+-------
      Total |      19 |       0 |   0.0 |      11 |       0 |   0.0
            +---------+---------+-------+---------+---------+-------
        D:1 |      19 |       0 |   0.0 |      11 |       0 |   0.0
            +---------+---------+-------+---------+---------+-------

Illustrated notes

Table legend:
 A = Kills in this place as a percentage of kills in entire the game.
 B = Kills by you in this place as a percentage of kills by you in the entire game.
 C = Kills by friends in this place as a percentage of kills by friends in the entire game.
 D = Other kills in this place as a percentage of other kills in the entire game.
 E = Experience gained in this place as a percentage of experience gained in the entire game.
 F = Experience gained in this place divided by the number of levels of this place that you have seen.
                   A       B       C       D       E      F
               +-------+-------+-------+-------+-------+----------------------
         Total | 100.0 | 100.0 |   N/A |   N/A | 100.0 |  19.0
       Dungeon | 100.0 | 100.0 |   N/A |   N/A | 100.0 |  19.0
               +-------+-------+-------+-------+-------+----------------------

Table legend: (Time is in decaauts)
 A = Elapsed time spent in this place.
 B = Non-inter-level travel time spent in this place.
 C = Inter-level travel time spent in this place.
 D = Time resting spent in this place.
 E = Time spent auto-exploring this place.
 F = Levels seen in this place.
 G = Mean time per level.
                   A        B        C        D        E       F      G
               +--------+--------+--------+--------+--------+-----+--------+
         Total |   1280 |   1280 |      0 |      0 |   1209 |   1 | 1280.0 |
       Dungeon |   1280 |   1280 |      0 |      0 |   1209 |   1 | 1280.0 |
               +--------+--------+--------+--------+--------+-----+--------+

Top non-repeatable levels by time:
     D:1: 1280 daAuts
